 Dungeon Crawl Stone Soup version 0.26.0-10-g1f06aea511 (webtiles) character file.

Game seed: 11679806196937241585

2349 mopl the Covert (level 9, -1/61 HPs)
             Began as an Octopode Brigand on Jan 21, 2021.
             Was a High Priest of Ru.
             Killed from afar by a white imp (9 damage)
             ... with a puff of frost
             ... on level 8 of the Dungeon.
             The game lasted 00:09:26 (7832 turns).

mopl the Covert (Octopode Brigand)                  Turns: 7832, Time: 00:09:27

Health: -1/61      AC:  1    Str: 10    XL:     9   Next: 43%
Magic:  9/9        EV: 16    Int: 14    God:    Ru [*****.]
Gold:   441        SH:  0    Dex: 16    Spells: 8/8 levels left

rFire    x . .     SeeInvis .   a - +2 dagger (pain)
rCold    x . .     Faith    .   (no shield)
rNeg     . . .     Spirit   .   (helmet restricted)
rPois    .         Reflect  .   (no amulet)
rElec    .         Harm     .   w - ring of resist corrosion
rCorr    +         Rampage  .   z - ring of flight
Will     .....                  (no ring)
Stlth    ++++++....             (no ring)
HPRegen  0.20/turn              (no ring)
MPRegen  0.11/turn              (no ring)
                                (no ring)
                                (no ring)

@: no status effects
A: almost no armour, stealthy swim, amphibious, 8 rings, constrict 8, camouflage
1, gelatinous body 1, hated by all, no poison magic, no translocations magic, no
transmutations magic, temperature sensitive
a: Renounce Religion, Evoke Flight, Draw Out Power, Power Leap, Apocalypse


You were on level 8 of the Dungeon.
You worshipped Ru.
Ru was extremely pleased with you.
You visited 1 branch of the dungeon, and saw 8 of its levels.

You collected 441 gold pieces.

Inventory:

Hand Weapons
 a - a +2 dagger of pain (weapon)
 n - a +2 dagger
Missiles
 b - 64 poisoned darts (quivered)
 c - 9 curare-tipped darts
 d - 216 stones
 p - 3 silver boomerangs
 s - 96 sling bullets
Magical Staves
 C - an uncursed staff of fire
Jewellery
 w - a ring of resist corrosion (left tentacle)
 z - a ring of flight (right tentacle)
Wands
 x - a wand of digging (5)
Scrolls
 h - 2 scrolls of random uselessness {unknown}
 i - 2 scrolls of enchant weapon {unknown}
 j - 4 scrolls of remove curse {unknown}
 o - 5 scrolls of teleportation {unknown}
 q - a scroll of fear {unknown}
 r - 2 scrolls of immolation {unknown}
 v - 4 scrolls of magic mapping {unknown}
 y - a scroll of torment {unknown}
 B - 2 scrolls of enchant armour {unknown}
Potions
 e - 2 potions of lignification {!q}
 f - a potion of invisibility
 g - 3 potions of brilliance
 k - 3 potions of mutation {!q}
 l - a potion of heal wounds
 m - a potion of resistance
 t - 3 potions of flight
 u - 3 potions of haste
 A - a potion of curing


   Skills:
 + Level 5.0 Fighting
 * Level 7.1 Short Blades
 + Level 5.0 Throwing
 + Level 4.7 Dodging
 + Level 10.3 Stealth


You had 8 spell levels left.
You didn't know any spells.
Your spell library contained the following spells:

 Spells                   Type           Power        Failure   Level
 Freeze                   Ice            0%           28%         1
 Shock                    Conj/Air       0%           28%         1
 Swiftness                Air            0%           41%         2
 Frozen Ramparts          Ice            0%           65%         3
 Ozocubu's Armour         Ice            0%           65%         3
 Static Discharge         Conj/Air       0%           65%         3
 Airstrike                Air            0%           96%         4
 Hailstorm                Conj/Ice       0%           96%         4
 Lightning Bolt           Conj/Air       0%           100%        5
 Beastly Appendage        Tmut           Unusable     N/A         1
 Wereblood                Tmut           Unusable     N/A         2
 Spider Form              Tmut/Pois      Unusable     N/A         3
 Ice Form                 Ice/Tmut       Unusable     N/A         4
 Summon Ice Beast         Ice/Summ       Unusable     N/A         4
 Blade Hands              Tmut           Unusable     N/A         5

Dungeon Overview and Level Annotations

Branches:
Dungeon (8/15)             Temple (0/1) D:4
   Lair: D:8-11

Altars:
Cheibriados
Fedhas
Qazlal
Ru
Uskayaw
Vehumet
Wu Jian
Xom
Yredelemnul
The Shining One

Annotations:
D:6 exclusion: door
D:7 2 transporters, DanlarScott's ghost, novice DrTm


Innate Abilities, Weirdness & Mutations

You cannot wear most types of armour.
You are very stealthy in the water. (Stealth+)
You are amphibious.
You can wear up to eight rings at the same time.
You can use your tentacles to constrict eight enemies at once.
Your skin changes colour to match your surroundings (Stealth+).
Your rubbery body absorbs attacks. (AC +1, EV +1)
You are hated by all.
You cannot study or cast Poison magic.
You cannot study or cast Translocations magic.
You cannot study or cast Transmutations magic.
You are sensitive to extremes of temperature. (rF-, rC-)


Message History

You hit the white imp. You grab the white imp.
The white imp is moderately wounded.
You constrict the white imp, but do no damage.
The white imp gestures at you. The puff of frost hits you!!
You feel a terrible chill!
You are too injured to fight recklessly!
You are too injured to fight recklessly!
You are too injured to fight recklessly!
You hit the white imp.
The white imp is heavily wounded.
You constrict the white imp. The white imp gestures at you.
The puff of frost hits you!!
You feel a terrible chill!
* * * LOW HITPOINT WARNING * * *
You hit the white imp but do no damage. You squeeze the white imp.
The white imp is severely wounded.
You constrict the white imp. The white imp gestures at you.
The puff of frost hits you!
You feel a terrible chill!
You die...

.......... .. #..
........... ... #..
...........# . ...##..
......(....##.. .......
...........##..
.......###..........##..
....................##..
........................
#.....5@..........##....
#.................##....
#.................##....
#.................##....
#.....#################.
#..... #. #..... #.
#..... #. #.


You could see a white imp.

Vanquished Creatures
  A water moccasin (D:5)
  4 sky beasts
  A black bear (D:6)
  2 ogres
  An ice beast (D:6)
  3 centaurs
  A big kobold (D:8)
  5 bullfrogs
  A wyvern zombie (D:7)
  A scorpion (D:6)
  A howler monkey (D:7)
  4 hounds
  A jelly (D:2)
  4 orc wizards
  An orc priest (D:5)
  Jessica (D:3)
  A centaur skeleton (D:7)
  3 worker ants
  A hound zombie (D:7)
  A worker ant zombie (D:7)
  8 adders
  8 gnolls
  A shadow imp (D:5)
  3 white imps (D:7)
  An ufetubus (D:6)
  An ooze (D:2)
  2 worms
  A dart slug (D:1)
  3 leopard geckos
  13 orcs
  A ball python (D:4)
  10 bats
  4 giant cockroaches
  9 goblins
  8 hobgoblins
  10 jackals
  3 quokkas
  A ball python zombie (D:5)
  6 frilled lizards
  A jackal skeleton (D:7)
  11 kobolds
  7 rats
150 creatures vanquished.

Vanquished Creatures (others)
  A gnoll (D:6)
  An orc (D:5)
2 creatures vanquished.

Grand Total: 152 creatures vanquished

Notes
Turn   | Place    | Note
-------+----------+-------------------------------------------
     0 | D:1      | mopl the Octopode Brigand began the quest for the Orb.
     0 | D:1      | Reached XP level 1. HP: 14/14 MP: 1/1
   111 | D:1      | Reached XP level 2. HP: 15/19 MP: 2/2
   135 | D:1      | Found a glowing golden altar of the Shining One.
   137 | D:1      | Found a shadowy altar of Dithmenos.
   137 | D:1      | Found a shimmering altar of Xom.
   140 | D:1      | Found a hide-covered altar of Uskayaw.
   140 | D:1      | Found a radiant altar of Vehumet.
   140 | D:1      | Found a snail-covered altar of Cheibriados.
   447 | D:1      | Reached XP level 3. HP: 20/24 MP: 3/3
   767 | D:1      | Reached skill level 6 in Stealth
   981 | D:1      | Reached XP level 4. HP: 29/29 MP: 4/4
  1100 | D:2      | Reached skill level 3 in Short Blades
  1215 | D:2      | Found a faded altar of an unknown god.
  1235 | D:2      | Became a worshipper of Ru the Awakened
  1254 | D:2      | Gained mutation: You cannot study or cast Poison magic. [Ru
                  | sacrifice]
  1254 | D:2      | Gained mutation: You cannot study or cast Transmutations
                  | magic. [Ru sacrifice]
  1254 | D:2      | Gained mutation: You cannot study or cast Translocations
                  | magic. [Ru sacrifice]
  1254 | D:2      | Reached * piety under Ru
  1531 | D:3      | Reached XP level 5. HP: 29/35 MP: 5/5
  1538 | D:3      | Noticed Jessica
  1546 | D:3      | Killed Jessica
  1547 | D:3      | Reached skill level 2 in Dodging
  1746 | D:3      | Found a basalt altar of Yredelemnul.
  1801 | D:3      | Reached XP level 6. HP: 39/41 MP: 6/6
  2074 | D:3      | Found an ornate altar of the Wu Jian Council.
  2171 | D:3      | Reached skill level 7 in Stealth
  2383 | D:4      | Reached skill level 3 in Fighting
  2383 | D:4      | Reached skill level 4 in Short Blades
  2383 | D:4      | Reached skill level 3 in Throwing
  2660 | D:4      | Found a staircase to the Ecumenical Temple.
  2726 | D:4      | Gained mutation: You are sensitive to extremes of
                  | temperature. (rF-, rC-) [Ru sacrifice]
  2726 | D:4      | Reached ** piety under Ru
  2726 | D:4      | Reached *** piety under Ru
  2839 | D:4      | Found a hide-covered altar of Uskayaw.
  3092 | D:5      | Entered Level 5 of the Dungeon
  3161 | D:5      | Reached XP level 7. HP: 40/46 MP: 7/7
  3795 | D:5      | Reached skill level 3 in Dodging
  3795 | D:5      | Reached skill level 8 in Stealth
  4873 | D:6      | Reached skill level 5 in Short Blades
  4873 | D:6      | Reached XP level 8. HP: 51/54 MP: 8/8
  5039 | D:6      | Found a stormy altar of Qazlal.
  5056 | D:6      | Reached skill level 4 in Fighting
  5056 | D:6      | Reached skill level 9 in Stealth
  5135 | D:6      | Reached skill level 4 in Throwing
  5147 | D:6      | Found a blossoming altar of Fedhas.
  5385 | D:6      | Noticed a shadow
  5474 | D:6      | Reached skill level 6 in Short Blades
  5706 | D:6      | Reached skill level 4 in Dodging
  5861 | D:6      | Gained mutation: You are hated by all. [Ru sacrifice]
  5861 | D:6      | Reached **** piety under Ru
  5861 | D:6      | Reached ***** piety under Ru
  6365 | D:7      | Reached XP level 9. HP: 53/59 MP: 9/9
  6576 | D:7      | Found a transporter.
  6577 | D:7      | Noticed DanlarScott's ghost (novice DrTm)
  6588 | D:7      | Found a transporter.
  6774 | D:7      | Reached skill level 10 in Stealth
  7412 | D:8      | Reached skill level 5 in Fighting
  7412 | D:8      | Reached skill level 7 in Short Blades
  7412 | D:8      | Reached skill level 5 in Throwing
  7832 | D:8      | Killed from afar by a white imp

Illustrated notes

Levels and vault maps discovered:
D:1:      minmay_arrival_doors, layout_loops_cross, doesnt_xom_only_xom
D:2:      layout_rooms, chequers_ecumenical_altar_simple, minivault_23
D:3:      layout_loops_cross, yredelemnul_altar_generic, lemuel_crystal_altar,
          uniq_jessica
D:4:      layout_basic, marbit_many_paths, minmay_temple_entry_overgrown,
          serial_curves, eino_curves_04, eino_curves_02, eino_curves_04,
          columned_hall_lemuel, corexii_leaking_fountain
D:5:      layout_basic
D:6:      minmay_chambers_of_sixes, layout_loops_cross,
          fedhas_bush_and_centaur_altar, kennysheep_mini
D:7:      layout_basic, gammafunk_ghost_arena
D:8:      layout_basic, nicolae_ru_the_path_less_chosen

Skill      XL: |  1  2  3  4  5  6  7  8  9 |
---------------+----------------------------+-----
Stealth        | 6 7 8 9 10 | 10.3
Short Blades   | 3 4 5 6 7 |  7.1
Dodging        | 2 3 4 |  4.7
Fighting       | 3 4 5 |  5.0
Throwing       | 3 4 5 |  5.0

Action                   |  1- 3 |  4- 6 |  7- 9 || total
-------------------------+-------+-------+-------++-------
Melee: Dagger            |    63 |    94 |   233 ||   390
       Constrict         |    16 |    18 |    38 ||    72
       Tentacles         |    11 |    20 |    47 ||    78
Throw: Dart              |       |       |    14 ||    14
Invok: Sacrifice Arcana  |       |     1 |       ||     1
       Sacrifice Resista |       |     1 |       ||     1
       Draw Out Power    |       |       |     1 ||     1
       Sacrifice Love    |       |       |     1 ||     1
       Apocalypse        |       |       |     1 ||     1
  Use: Scroll            |       |       |     9 ||     9
       Potion            |       |       |     1 ||     1
 Stab: Sleeping          |    10 |    19 |    14 ||    43
       Distracted        |       |     1 |       ||     1
       Invisible         |       |       |     4 ||     4
Armor: Skin              |     5 |     3 |     8 ||    16
Dodge: Dodged            |    39 |    29 |   111 ||   179
